 Dungeon Crawl Stone Soup version 0.29.1 (webtiles) character file.

Game seed: 9204685344945491465

98 mtoz the Covered (level 4, 0/29 HPs)
             Began as a Gargoyle Fighter on Sept 13, 2022.
             Killed from afar by Natasha (10 damage)
             ... with a magic dart
             ... on level 3 of the Dungeon.
             The game lasted 00:03:05 (2406 turns).

mtoz the Covered (Gargoyle Fighter)                 Turns: 2406, Time: 00:03:05

Health: 0/29       AC: 11    Str: 22    XL:     4   Next: 69%
Magic:  4/4        EV:  9    Int:  8    God:
Gold:   147        SH:  4    Dex:  9    Spells: 3/3 levels left

rFire   . . .      SeeInvis .   a - +0 war axe
rCold   . . .      Faith    .   c - +0 buckler
rNeg    + . .      Spirit   .   b - +0 scale mail
rPois   ∞          Reflect  .   (no helmet)
rElec   +          Harm     .   h - +0 cloak
rCorr   .          Rampage  .   (no gloves)
Will    .....                   (no boots)
Stlth   ..........              (no amulet)
HPRegen 0.09/turn               (no ring)
MPRegen 0.09/turn               (no ring)

@: no status effects
A: sickness immunity, AC +3, negative energy resistance 1, electricity
resistance, torment resistance 1, petrification resistance
a: no special abilities


You were on level 3 of the Dungeon.
You visited 1 branch of the dungeon, and saw 3 of its levels.

You collected 147 gold pieces.

Inventory:

Hand Weapons
 a - a +0 war axe (weapon)
Armour
 b - a +0 scale mail (worn)
 c - a +0 buckler (worn)
 f - a +0 kite shield
 h - a +0 cloak (worn)
Scrolls
 e - 2 scrolls of magic mapping {unknown}
 g - 2 scrolls of identify {unknown}
 i - a scroll of enchant weapon {unknown}
 j - a scroll of torment {unknown}
 l - a scroll of butterflies {unknown}
 m - 3 scrolls of enchant armour {unknown}
Potions
 d - a potion of might
 k - 2 potions of brilliance {unknown}
 n - a potion of curing {unknown}
 o - a potion of heal wounds {unknown}
 p - a potion of attraction {unknown}


   Skills:
 + Level 4.0 Fighting
 + Level 2.6 Axes
 + Level 4.0 Armour
 + Level 4.0 Shields


You had 3 spell levels left.
You didn't know any spells.
Your spell library contained the following spells:

 Spells                   Type           Power      Damage    Failure   Level
 Gell's Gravitas          Tloc           0%         N/A       99%         3
 Inner Flame              Hex/Fire       0%         N/A       99%         3
 Teleport Other           Tloc           0%         N/A       99%         3
 Cause Fear               Hex            0%         N/A       100%        4
 Dispersal                Tloc           0%         N/A       100%        6
 Discord                  Hex            0%         N/A       100%        8


Dungeon Overview and Level Annotations

Branches:
Dungeon (3/15)

Altars:
Kikubaaqudgha

Annotations:
D:3 Natasha


Innate Abilities, Weirdness & Mutations

You are immune to sickness and miasma.
Your stone body is resilient. (AC +3)
You are immune to poison.
You resist negative energy. (rN+)
You are resistant to electric shocks. (rElec)
You are resistant to unholy torment.
You are immune to petrification.


Message History

The bat hits you but does no damage. You block the worm's attack.
You slash the worm!
The worm is heavily wounded.
The bat hits you but does no damage. The worm bites you but does no damage.
You slash the worm!
You kill the worm!
You slash the bat!
You kill the bat!
No target in view!
No target in view!
No target in view!
No target in view!
HP restored.
You see here a bat corpse.
p - a brown potion Natasha, Servant of Life and Death comes into view.
Natasha hisses angrily.
Natasha mewls in sadness.
You barely miss Natasha. Natasha claws you but does no damage.
You hit Natasha.
Natasha is lightly wounded.
Natasha casts a spell.
Natasha stares at you and mumbles some strange words.
The magic dart hits you.
You barely miss Natasha.
Natasha is lightly wounded.
Natasha completely misses you. The white imp gestures at you.
The puff of frost hits you!
You are too injured to fight recklessly!
You are too injured to fight recklessly!
You are too injured to fight recklessly!
You closely miss Natasha.
Natasha is lightly wounded.
Natasha claws you. The white imp gestures at you.
The puff of frost hits you but does no damage.
Natasha stares at you and mumbles some strange words.
The magic dart hits you!
You die...

........# ########+#
#.......# #........#
#.......# #..5.....#
#.......# #........#
#.......# #....h@..#
#.......# ########.#
#.......###
########.####[.........
................###.###
########.....†..# #.#
#######.....†### #.#
.............# #.#
.............# #.#
.............# #.#


You could see Natasha and a white imp (summoned).

Vanquished Creatures
  Jessica (D:2)
  3 adders (D:2)
  2 worms
  A dart slug (D:2)
  3 bats
  4 endoplasms (D:1)
  A giant cockroach (D:2)
  A goblin (D:1)
  3 hobgoblins
  3 kobolds
  3 quokkas
  2 ball pythons (D:1)
  8 frilled lizards
  4 rats
39 creatures vanquished.

Notes
Turn   | Place    | Note
-------+----------+-------------------------------------------
     0 | D:1      | mtoz the Gargoyle Fighter began the quest for the Orb.
     0 | D:1      | Reached XP level 1. HP: 14/14 MP: 1/1
    61 | D:1      | Reached XP level 2. HP: 14/19 MP: 2/2
  1265 | D:2      | Found a faded altar of an unknown god.
  1274 | D:2      | Reached XP level 3. HP: 24/24 MP: 3/3
  1455 | D:2      | Noticed Jessica
  1463 | D:2      | Killed Jessica
  1464 | D:2      | Reached XP level 4. HP: 24/29 MP: 4/4
  1926 | D:2      | Found an ancient bone altar of Kikubaaqudgha.
  2400 | D:3      | Noticed Natasha
  2406 | D:3      | Killed from afar by Natasha

Illustrated notes

Levels and vault maps discovered:
D:1:      evilmike_arrival_hilbert_curve, layout_loops_ring, st_stairs_1,
          minmay_statues_item
D:2:      layout_basic, basic_altar, nicolae_ecumenical_pavilion, uniq_jessica
D:3:      layout_basic, fedhas_altar_4, kennysheep_slug_shrine, serial_glass,
          glass_columns_a, glass_columns_a, minmay_misc_feat_columns,
          uniq_natasha

Skill      XL: |  1  2  3  4 |
---------------+-------------+-----
Axes           | 2 |  2.6
Armour         | 4 |  4.0
Fighting       | 4 |  4.0
Shields        | 4 |  4.0

Action                   |  1- 3 |  4- 6 || total
-------------------------+-------+-------++-------
Melee: War axe           |    85 |    47 ||   132
Armor: Scale mail        |    48 |    37 ||    85
Dodge: Dodged            |    32 |    19 ||    51
Block: Buckler           |    11 |    17 ||    28
